 Dungeon Crawl Stone Soup version 0.24.1-11-gbbbb2193e6 (webtiles) character file.

Game seed: 3267472396852117829, levelgen mode: deterministic

73 Gwenloh the Poker (level 4, -7/34 HPs)
             Began as a Merfolk Skald on May 11, 2020.
             Mangled by Robin
             ... wielding a +0 trident
              (9 damage)
             ... on level 2 of the Dungeon.
             The game lasted 00:09:44 (2844 turns).

Gwenloh the Poker (Merfolk Skald)                   Turns: 2844, Time: 00:09:44

Health: -7/34      AC:  3    Str: 11    XL:     4   Next: 27%
Magic:  2/7        EV: 13    Int: 13    God:
Gold:   122        SH:  0    Dex: 13    Spells: 2/7 levels left

rFire    . . .     SeeInvis .   a - +0 spear
rCold    . . .     Gourm    .   (no shield)
rNeg     . . .     Faith    .   b - +0 leather armour
rPois    .         Spirit   .   (no helmet)
rElec    .         Reflect  .   (no cloak)
rCorr    .         Harm     .   (no gloves)
MR       .....                  (no boots)
Stlth    +.........             j - amulet of inaccuracy (curse)
HPRegen  0.11/turn              (no ring)
MPRegen  0.10/turn              (no ring)

@: no status effects
A: change form in water, swift swim, stealthy swim
a: no special abilities


You were on level 2 of the Dungeon.
You were very hungry.

You visited 1 branch of the dungeon, and saw 2 of its levels.

You collected 122 gold pieces.

Inventory:

Hand Weapons
 a - a +0 spear (weapon)
Missiles
 e - 111 stones (quivered)
Armour
 b - a +0 leather armour (worn)
 h - cursed +0 fire dragon scales
Jewellery
 j - a cursed amulet of inaccuracy (around neck)
Scrolls
 f - a scroll of enchant weapon {unknown}
 i - a scroll of magic mapping
Potions
 c - a potion of heal wounds {unknown}
Comestibles
 d - 5 rations


   Skills:
 + Level 2.8 Fighting
 * Level 4.4 Polearms
 - Level 0.6 Armour
 + Level 3.4 Dodging
 - Level 2.0 Spellcasting
 * Level 4.1 Charms


You had 2 spell levels left.
You knew the following spells:

 Your Spells              Type           Power        Failure   Level  Hunger
a - Infusion              Chrm           ##..         6%          1    ##.....
b - Song of Slaying       Chrm           ##......     10%         2    ###....
c - Shroud of Golubria    Chrm/Tloc      #.....       22%         2    ###....

Your spell library contained the following spells:

 Spells                   Type           Power        Failure   Level  Hunger
 Regeneration             Chrm/Necr      #.........   41%         3    ####...
 Spectral Weapon          Hex/Chrm       #.......     41%         3    ####...


Dungeon Overview and Level Annotations

Branches:
Dungeon (2/15)

Altars:

Annotations:
D:2 1 runed translucent door, Crazy Yiuf, Robin


Message History

Robin is severely wounded.
Robin hits you with a +0 trident.
You hit Robin but do no damage.
Robin is severely wounded.
You are no longer magically infusing your attacks.
You hit Robin.
Robin is severely wounded.
Robin closely misses you.
You hit Robin.
Robin is severely wounded.
Robin hits you with a +0 trident.
* * * LOW HITPOINT WARNING * * *
You closely miss Robin.
Robin is severely wounded.
Robin hits you with a +0 trident.
* * * LOW HITPOINT WARNING * * *
You closely miss Robin.
Robin is severely wounded.
Robin hits you with a +0 trident!
You die...

#.# #....###############..
#.# #.....................
#.# #...#################.
#.# #...# ###########. #.#
#...# ###........... #.#
#...#####.......#####. #.#
#...............# #. #.#
###.#.####........# ##
#.######...#.#@.#.##.#####
#..........#g#g##.##.#
########...#.#....##'##
#...#.####.....# #####.#
#.....# #.# #.....#
#.####.....# #....).....#
######.....#


You could see Robin.

Vanquished Creatures
  A worm (D:2)
  A dart slug (D:1)
  3 leopard geckos (D:1)
  6 giant cockroaches
  16 goblins
  9 hobgoblins
  5 jackals (D:1)
  5 kobolds
  4 bats
  A frilled lizard (D:1)
  6 rats (D:1)
57 creatures vanquished.

Notes
Turn   | Place    | Note
-------+----------+-------------------------------------------
     0 | D:1      | Gwenloh the Merfolk Skald began the quest for the Orb.
     0 | D:1      | Reached XP level 1. HP: 16/16 MP: 3/3
   164 | D:1      | Reached XP level 2. HP: 21/23 MP: 0/5
   171 | D:1      | Learned a level 2 spell: Song of Slaying
   174 | D:1      | Learned a level 2 spell: Shroud of Golubria
   460 | D:1      | Reached XP level 3. HP: 24/28 MP: 4/6
  1653 | D:2      | Found a runed translucent door.
  1654 | D:2      | Noticed Crazy Yiuf
  1832 | D:2      | Reached XP level 4. HP: 19/34 MP: 0/7
  2100 | D:2      | Noticed Robin
  2844 | D:2      | Mangled by Robin

Levels and vault maps discovered:
D:1:      lemuel_arrival_cross, layout_rooms, chequers_serial_rivers_micro_c,
          grunt_decor_one_mirror
D:2:      layout_basic, uniq_robin, uniq_crazy_yiuf_cottage, uniq_natasha

Skill      XL: |  1  2  3  4 |
---------------+-------------+-----
Dodging        | 3 |  3.4
Polearms       | 4 |  4.4
Charms         | 4 |  4.1
Fighting       | |  2.8
Armour         | |  0.6
Spellcasting   | |  2.0

Action                   |  1- 3 |  4- 6 || total
-------------------------+-------+-------++-------
Melee: Spear             |   162 |    95 ||   257
Throw: Stone             |    72 |    33 ||   105
 Cast: Infusion          |     7 |     4 ||    11
       Song of Slaying   |     7 |     1 ||     8
       Shroud of Golubri |       |     3 ||     3
  Use: Scroll            |     3 |       ||     3
  Eat: Chunk             |     3 |     3 ||     6
Armor: Leather armour    |    32 |     4 ||    36
Dodge: Dodged            |    95 |    41 ||   136
